 Dungeon Crawl Stone Soup version 0.27-a0-1202-ge72e49191c (webtiles) character file.

Game seed: 11166979799952675469

396 27snakeeyes612 the Chopper (level 6, -1/57 HPs)
             Began as a Naga Fighter on June 4, 2021.
             Splashed by a jelly's acid (8 damage)
             ... on level 5 of the Dungeon.
             The game lasted 00:03:01 (4712 turns).

27snakeeyes612 the Chopper (Naga Fighter)           Turns: 4712, Time: 00:03:01

Health: -1/57      AC: -1    Str: 20    XL:     6   Next: 83%
Magic:  6/6        EV:  6    Int:  9    God:
Gold:   252        SH:  9    Dex: 10    Spells: 5/5 levels left

rFire    + . .     SeeInvis +   a - +0 war axe
rCold    x . .     Faith    .   c - +0 kite shield
rNeg     . . .     Spirit   .   b - +0 scale mail
rPois    +         Reflect  .   (no helmet)
rElec    .         Harm     .   (no cloak)
rCorr    .         Rampage  .   (no gloves)
Will     .....                  (no barding)
Stlth    ..........             (no amulet)
HPRegen  0.19/turn              n - +4 ring of protection
MPRegen  0.10/turn              g - ring of fire

@: about to teleport, corroded, very slow
A: AC +2, large, see invisible, deformed body, poison resistance, slowness 2,
spit poison 1, naga tail 1
a: Spit Poison


You were on level 5 of the Dungeon.
You visited 1 branch of the dungeon, and saw 5 of its levels.

You collected 252 gold pieces.

Inventory:

Hand Weapons
 a - a +0 war axe (weapon)
Armour
 b - a +0 scale mail (worn)
 c - a +0 kite shield (worn)
 l - a +0 chain mail
Jewellery
 g - a ring of fire (right hand)
 n - a +4 ring of protection (left hand)
 o - a ring of see invisible
Wands
 s - a wand of mindburst (6)
Scrolls
 e - a scroll of holy word
 f - 5 scrolls of identify
 j - a scroll of enchant weapon
 q - a scroll of teleportation
Potions
 d - 2 potions of might
 h - a potion of degeneration {unknown}
 i - 3 potions of heal wounds {unknown}
 k - 2 potions of invisibility {unknown}
 m - a potion of ambrosia {unknown}
 r - 2 potions of mutation {unknown}


   Skills:
 + Level 3.7 Fighting
 + Level 4.4 Axes
 + Level 3.9 Armour
 + Level 1.2 Dodging
 + Level 1.2 Stealth
 + Level 3.1 Shields


You had 5 spell levels left.
You didn't know any spells.
Your spell library was empty.

Dungeon Overview and Level Annotations

Branches:
Dungeon (5/15)
 Temple: D:4-7

Altars:
Elyvilon
Kikubaaqudgha
Nemelex Xobeh
Ru
Sif Muna
Wu Jian
The Shining One

Annotations:
D:4 2 transporters, Ijustatesigmund's ghost, amateur DsFi


Innate Abilities, Weirdness & Mutations

Your serpentine skin is tough. (AC +2)
You have supernaturally acute eyesight. (SInv)
Armour fits poorly on your strangely shaped body.
Your system is resistant to poisons. (rPois)
You cover ground very slowly.
You can spit poison.
You have a snake-like lower body.


Message History

The orc shouts!
The jelly hits you. The acid corrodes you!
You are splashed with acid!
The jelly hits you but does no damage.
Found 2 fizzy emerald potions.
You hear the slow hiss of a very distant avalanche of sand.
The jelly hits you.
You are splashed with acid!
Found a stone staircase leading down.
You slash the jelly!
Your hands burn!
The jelly is heavily wounded.
You block the jelly's attack.
You hit the jelly but do no damage.
Your hands burn!
The jelly is heavily wounded.
You block the jelly's attack. The jelly hits you but does no damage.
You hit the jelly but do no damage.
Your hands burn!
The jelly is heavily wounded.
The jelly hits you. The acid corrodes you!
You are splashed with acid!
* * * LOW HITPOINT WARNING * * *
As you read the scroll labelled SUIDUMM TOFEM, it crumbles to dust.
You speak a Word of immense power!
It was a scroll of holy word.
You block the jelly's attack.
Unknown command.
As you read the scroll labelled HOIRUD HEXYWN, it crumbles to dust.
It is a scroll of identify.
j - a scroll of enchant weapon The jelly hits you.
* * * LOW HITPOINT WARNING * * *
The acid corrodes you!
You are splashed with acid!
* * * LOW HITPOINT WARNING * * *
As you read the scroll labelled XOURGHUFEISH, it crumbles to dust.
You hear a loud clanging noise!
It was a scroll of noise.
You hear a shout! x5; You hear an angry hiss. x2
The jelly jiggles.
The jelly barely misses you.
As you read the scroll labelled QOOFFO DUOTAU, it crumbles to dust.
You feel strangely unstable.
It was a scroll of teleportation.
The jelly hits you.
* * * LOW HITPOINT WARNING * * *
You are splashed with acid!
You die... ≈≈≈..≈≈≈≈≈≈≈.≈≈≈≈# #.## ≈≈..≈≈..≈≈≈.≈≈≈≈≈# #o.. ≈≈≈≈≈≈≈≈.≈≈.≈≈≈≈≈# oo#

≈≈≈≈≈≈≈≈≈≈≈.≈≈≈..####)##
≈#≈≈≈.≈...≈≈≈.≈.o..#o..#
≈###.##.########oo.oo#...#
≈# #....# #o##.## .## ##
#J###.# .# #@# #.. ..
#...........## ##
.....!........#
##.####.###>... # #.# ####
..# ... ###


You could see a jelly and 4 orcs.

Vanquished Creatures
  2 necrophages (D:4)
  A centaur skeleton (D:4)
  2 orc wizards (D:3)
  5 adders
  An adder skeleton (D:4)
  3 worms
  A dart slug (D:1)
  2 orcs (D:3)
  9 ball pythons
  5 bats
  5 endoplasms
  3 giant cockroaches
  3 goblins
  7 hobgoblins
  16 jackals
  6 kobolds
  5 quokkas
  A frilled lizard (D:1)
  9 rats
86 creatures vanquished.

Notes
Turn   | Place    | Note
-------+----------+-------------------------------------------
     0 | D:1      | 27snakeeyes612 the Naga Fighter began the quest for the
                  | Orb.
     0 | D:1      | Reached XP level 1. HP: 21/21 MP: 1/1
    98 | D:1      | Reached XP level 2. HP: 14/28 MP: 2/2
   568 | D:1      | Reached XP level 3. HP: 34/34 MP: 3/3
  1334 | D:2      | Reached XP level 4. HP: 32/42 MP: 4/4
  1581 | D:2      | Found a sparkling altar of Nemelex Xobeh.
  2755 | D:3      | Found a white marble altar of Elyvilon.
  2758 | D:3      | Reached skill level 3 in Axes
  2865 | D:3      | Found a faded altar of an unknown god.
  2917 | D:3      | Reached XP level 5. HP: 38/49 MP: 5/5
  3259 | D:3      | Found a sparkling altar of Nemelex Xobeh.
  3706 | D:4      | Found an ancient bone altar of Kikubaaqudgha.
  3813 | D:4      | Found a shimmering blue altar of Sif Muna.
  3906 | D:4      | Found a sacrificial altar of Ru.
  3989 | D:4      | Noticed a necrophage
  3999 | D:4      | Killed a necrophage
  4000 | D:4      | Reached skill level 4 in Axes
  4000 | D:4      | Reached skill level 1 in Dodging
  4000 | D:4      | Reached skill level 1 in Stealth
  4000 | D:4      | Reached XP level 6. HP: 47/56 MP: 6/6
  4048 | D:4      | Noticed a necrophage
  4067 | D:4      | Killed a necrophage
  4136 | D:4      | Found a transporter.
  4175 | D:4      | Noticed Ijustatesigmund's ghost (amateur DsFi)
  4183 | D:4      | Found a transporter.
  4269 | D:4      | Found a glowing golden altar of the Shining One.
  4344 | D:4      | Found an ornate altar of the Wu Jian Council.
  4671 | D:5      | Entered Level 5 of the Dungeon
  4712 | D:5      | Splashed by a jelly's acid

Illustrated notes

Levels and vault maps discovered:
D:1:      dpeg_arrival_shrine, layout_loops_ring
D:2:      layout_loops_cross, basic_altar, nrook_uturn,
          minmay_increasing_density
D:3:      layout_loops_ring, elyvilon_altar_3, overflow_temple_1_default,
          basic_ecumenical_altar, corner_web_ring
D:4:      layout_loops_corners, nicolae_sif_muna_condensation, tso_metal_star,
          lemuel_doored_altar, kiku_gazebo_pond_becter, kennysheep_mini,
          gammafunk_ghost_stat_death, chequers_serial_rivers_marsh
D:5:      layout_loops_ring, minmay_temple_entry_butterflies, serial_shops,
          shop, nicolae_ossuary_entry_false_entrances, kennysheep_doodads,
          chequers_serial_rivers_large_a, hellmonk_bongcloud_opening,
          chequers_serial_rivers_room_b, uniq_menkaure, uniq_eustachio

Skill      XL: |  1  2  3  4  5 |
---------------+----------------+-----
Armour         | 3 |  3.9
Axes           | 3 4 |  4.4
Shields        | 3 |  3.1
Dodging        | 1 |  1.2
Stealth        | 1 |  1.2
Fighting       | |  3.7

Action                   |  1- 3 |  4- 6 || total
-------------------------+-------+-------++-------
Melee: War axe           |    97 |   169 ||   266
 Abil: Spit Poison       |       |     3 ||     3
  Use: Scroll            |       |     4 ||     4
Armor: Scale mail        |    54 |   100 ||   154
Dodge: Dodged            |    22 |    41 ||    63
Block: Kite shield       |    55 |    88 ||   143

Table legend: (Time is in decaauts)
 A = Elapsed time spent in this place.
 B = Non-inter-level travel time spent in this place.
 C = Inter-level travel time spent in this place.
 D = Time resting spent in this place.
 E = Time spent auto-exploring this place.
 F = Levels seen in this place.
 G = Mean time per level.
                   A        B        C        D        E       F      G
               +--------+--------+--------+--------+--------+-----+--------+
         Total |   6002 |   5924 |     78 |     80 |   5138 |   5 | 1200.4 |
       Dungeon |   6002 |   5924 |     78 |     80 |   5138 |   5 | 1200.4 |
               +--------+--------+--------+--------+--------+-----+--------+

Top non-repeatable levels by time:
     D:3: 1710 daAuts
     D:1: 1531 daAuts
     D:2: 1386 daAuts
     D:4: 1316 daAuts
     D:5: 58 daAuts
